 Dungeon Crawl Stone Soup version 0.30-a0-1043-g60ff8d5f49 (webtiles) character file.

Game seed: 7958950414539196222

17828 Arcadio the Dealer of Despair (level 12, 0/91 HPs)
             Began as a Human Necromancer on Apr 9, 2023.
             Was an Elder of Kikubaaqudgha.
             Killed from afar by a deep elf zephyrmancer (17 damage)
             ... with a bolt of lightning
             ... on level 1 of the Orcish Mines.
             The game lasted 00:37:33 (9914 turns).

Arcadio the Dealer of Despair (Human Necromancer)   Turns: 9914, Time: 00:37:35

Health: 0/91       AC:  8    Str:  8    XL:     12   Next: 87%
Magic:  15/27      EV: 18    Int: 31    God:    Kikubaaqudgha [****..]
Gold:   563        SH:  0    Dex: 15    Spells: 5/33 levels left

rFire   + . .      SeeInvis +    D - +11 hammer of the Boiling Point {pain, Int+5}
rCold   + . .      Faith    .    (no shield)
rNeg    . . .      Spirit   .    e - +2 robe {rC+ rF+}
rPois   .          Reflect  .    (no helmet)
rElec   .          Rampage  .    f - +0 cloak of Sharp Wonder {Regen+ Stlth+}
rCorr   .                        h - +0 pair of gloves
Will    .....                    p - +1 pair of boots
Stlth   +++                      j - amulet of magic regeneration
HPRegen 1.15/turn                E - ring of see invisible
MPRegen 0.60/turn                F - +6 ring of intelligence

@: death channelling, animating dead (expiring)
A: no striking features
a: Renounce Religion, Unearth Wretches


You were on level 1 of the Orcish Mines.
You worshipped Kikubaaqudgha.
Kikubaaqudgha was greatly pleased with you.
You visited 3 branches of the dungeon, and saw 14 of its levels.
You also visited: Sewer.

You collected 923 gold pieces.
You spent 360 gold pieces at shops.

Inventory:

Hand Weapons
 D - the +11 hammer of the Boiling Point (weapon) {pain, Int+5}
   (You found it on level 3 of the Dungeon)

   Int:       It affects your intelligence (+5).
Missiles
 c - 4 throwing nets
Armour
 a - a +0 robe
 e - a +2 robe of resistance (worn)
 f - the +0 cloak of Sharp Wonder (worn) {Regen+ Stlth+}
   (You found it on level 4 of the Dungeon)

   Regen:     It increases your rate of health regeneration.
   Stlth:     It makes you more stealthy.
 h - a +0 pair of gloves (worn)
 p - a +1 pair of boots (worn)
 W - the +0 leather armour of the Wild Haggis {Str-2 Int+3}
   (You found it on level 12 of the Dungeon)

   Str:       It affects your strength (-2).
   Int:       It affects your intelligence (+3).
Jewellery
 j - an amulet of magic regeneration (around neck)
 E - a ring of see invisible (left hand)
 F - a +6 ring of intelligence (right hand)
 O - a ring of positive energy
 X - a ring of resist corrosion
Wands
 d - a wand of polymorph (2)
 x - a wand of digging (14)
 z - a wand of flame (39)
 H - a wand of light (4)
 P - a wand of roots (7)
Scrolls
 k - a scroll of teleportation {unknown}
 n - 3 scrolls of poison
 o - a scroll of torment {unknown}
 q - 2 scrolls of blinking
 s - a scroll of summoning {unknown}
 u - 3 scrolls of fear {unknown}
 v - a scroll of enchant armour
 y - a scroll of enchant weapon
 B - 2 scrolls of fog {unknown}
 I - 2 scrolls of brand weapon {unknown}
 J - 4 scrolls of amnesia {unknown}
 N - a scroll of magic mapping {unknown}
 Q - 2 scrolls of vulnerability {unknown}
 T - a scroll of immolation {unknown}
Potions
 b - 3 potions of magic
 i - 6 potions of heal wounds
 l - 3 potions of brilliance
 m - 7 potions of might
 r - 6 potions of curing
 w - 3 potions of lignification {unknown}
 A - a potion of resistance {unknown}
 G - 3 potions of haste
 K - 3 potions of flight
 L - a potion of mutation {unknown}
 R - a potion of invisibility {unknown}
 S - a potion of berserk rage
 U - a potion of ambrosia {unknown}
 Y - a potion of attraction {unknown}


   Skills:
 - Level 7.3 Fighting
 + Level 11.9 Dodging
 - Level 2.0 Stealth
 + Level 11.0 Spellcasting
 + Level 12.4 Necromancy


You had 5 spell levels left.
You knew the following spells:

 Your Spells              Type           Power      Damage    Failure   Level
a - Necrotise             Necr           100%       1d9       1%          1
b - Vampiric Draining     Necr           76%        2d11      1%          3
c - Animate Dead          Necr           76%        N/A       1%          4
d - Agony                 Necr           76%        N/A       1%          5
e - Kiss of Death         Conj/Necr      100%       2d13      1%          1
f - Sublimation of Blood  Necr           76%        N/A       1%          2
g - Cigotuvi's Dreadful   Necr/Pois/Air  84%        N/A       1%          2
h - Dispel Undead         Necr           76%        3d25      1%          4
i - Death Channel         Necr           38%        N/A       2%          6

Your spell library contained the following spells:

 Spells                   Type           Power      Damage    Failure   Level
 Anguish                  Hex/Necr       26%        N/A       2%          4
 Summon Small Mammal      Summ           68%        N/A       3%          1
 Ensorcelled Hibernation  Hex/Ice        34%        N/A       4%          2
 Lesser Beckoning         Tloc           34%        N/A       4%          2
 Passwall                 Tmut/Erth      14%        N/A       4%          2
 Poisonous Vapours        Pois/Air       34%        N/A       4%          2
 Borgnjor's Vile Clutch   Necr/Erth      26%        N/A       6%          5
 Call Canine Familiar     Summ           17%        N/A       9%          3
 Ignite Poison            Fire/Tmut/Pois 17%        N/A       9%          3
 Inner Flame              Hex/Fire       17%        N/A       9%          3
 Summon Guardian Golem    Hex/Summ       17%        N/A       9%          3
 Swiftness                Air            17%        N/A       9%          3
 Flame Wave               Conj/Fire      17%        2d7       28%         4
 Leda's Liquefaction      Hex/Erth       8%         N/A       28%         4
 Sticky Flame             Conj/Fire      17%        2d4       28%         4
 Freezing Cloud           Conj/Ice/Air   8%         6-21      63%         5
 Summon Cactus Giant      Summ           8%         N/A       99%         6
 Dragon's Call            Summ           8%         N/A       100%        9


Dungeon Overview and Level Annotations

Branches:
Dungeon (12/15) Zot: 25192  Temple (1/1) D:5 Zot: 5862    Lair (0/5) D:8
    Orc (1/2) D:10 Zot: 5728   Sewer (visited)

Altars:
Ashenzari
Cheibriados
Dithmenos
Elyvilon
Fedhas
Gozag
Hepliaklqana
Kikubaaqudgha
Makhleb
Nemelex Xobeh
Okawaru
Qazlal
Ru
Sif Muna
Trog
Uskayaw
Vehumet
Wu Jian
Xom
Yredelemnul
Zin
The Shining One

Shops:
D:6 *   D:9 (   Orc:1 !

Annotations:
D:6 1 runed translucent door, Sermion's ghost, novice HOBe


Message History

The deep elf pyromancer casts a spell.
The deep elf pyromancer blinks!
Your orc sorcerer zombie closely misses the deep elf pyromancer.
The deep elf pyromancer closely misses you.
You sock the deep elf pyromancer!
The deep elf pyromancer writhes in agony.
The deep elf pyromancer is severely wounded.
Your orc sorcerer zombie closely misses the deep elf pyromancer.
The deep elf pyromancer hits you with a +0 long sword.
The deep elf zephyrmancer casts a spell.
The deep elf zephyrmancer blinks!
You closely miss the deep elf pyromancer.
The deep elf pyromancer is severely wounded.
The deep elf pyromancer gestures wildly while chanting.
The deep elf pyromancer blinks!
Your deep elf zephyrmancer zombie hits the deep elf pyromancer.
The deep elf pyromancer hits you with a +0 long sword!
Your orc sorcerer zombie hits the deep elf pyromancer.
The deep elf zephyrmancer gestures at you while chanting.
The bolt of lightning hits your orc sorcerer zombie!
The bolt of lightning hits you!!
* * * LOW HITPOINT WARNING * * *
Your deep elf zephyrmancer zombie hits the deep elf pyromancer.
You hear a shout! x2
Casting: Death Channel (dangerous; 2% risk of failure)
Confirm with . or Enter, or press ? or * to list all spells.
Aiming: Vampiric Draining (safe; 1% risk of failure)
Press: ? - help, Shift-Dir - straight line, f - deep elf pyromancer
Aim: a deep elf pyromancer, wielding a +0 long sword (almost dead, not watching you)
You draw life force from the deep elf pyromancer.
You kill the deep elf pyromancer!
Kikubaaqudgha accepts your kill.
You feel life coursing into your body.
The dead are walking!
A glowing mist starts to gather...
Your reaping aura is weakening.
The deep elf zephyrmancer gestures at you while chanting.
The bolt of lightning hits your orc sorcerer zombie!!
The bolt of lightning hits you!
You die...
Kikubaaqudgha rasps: "You have failed me!
Welcome... death!"

. #..... ##.###.###...
... #.... ###...#....#...
...###...##.#^....)).....
.....##.#.......#..).#.##
..........§........######
...................# .
#~~≈#....).......### #.
≈##~~#Z..)e........# ##
.§≈≈≈#.@Z.Ze........# #
...≈≈ #.Z)....#......#
..?~ #...Z.....#.##.##
.?(~ #........$.## ## .
#~...........#
#~.....§..#.##
~≈.........##
≈~.#.###....#


You could see a deep elf pyromancer, a deep elf zephyrmancer (ally target), a
friendly spectral deep elf pyromancer, a friendly orc sorcerer zombie, a
friendly deep elf pyromancer zombie and 2 friendly deep elf zephyrmancer
zombies.

Vanquished Creatures
  Harold (Orc:1)
  2 boulder beetles
  An orc sorcerer (Orc:1)
  A deep elf pyromancer (Orc:1)
  3 deep elf zephyrmancers (Orc:1)
  A cyclops (D:12)
  Psyche (D:10)
  Prince Ribbit (D:5)
  Grinder (D:3)
  2 wyverns (D:8)
  12 yaks
  2 steam dragons
  Menkaure (D:7)
  A warg (D:10)
  4 water moccasins
  2 ice beasts
  Pargi (Sewer)
  5 orc warriors
  2 black bears (D:8)
  2 ogres
  3 centaurs
  2 wolves (D:8)
  4 kobold brigands
  A phantom (D:6)
  4 bullfrogs
  3 scorpions
  5 wights (D:8)
  6 killer bees
  2 howler monkeys (D:10)
  4 jellies
  4 hounds
  5 orc priests
  A gnoll bouda (D:8)
  Crazy Yiuf (D:3)
  Ijyb (D:5)
  Natasha (thrice) (D:2)
  3 iguanas
  17 orc wizards
  2 sleepcaps
  5 gnolls
  10 adders
  A white imp (D:6)
  An ufetubus (D:4)
  A worm (D:2)
  6 dart slugs
  27 orcs
  3 bats (D:1)
  7 endoplasms
  4 giant cockroaches
  7 goblins
  7 hobgoblins
  27 kobolds
  3 quokkas
  5 ball pythons
  11 frilled lizards
  9 rats
251 creatures vanquished.

Vanquished Creatures (collateral kills)
  A troll (D:8)
  2 yaks (D:10)
  A steam dragon (D:9)
  2 water moccasins (D:8)
  2 wolves (D:8)
  A howler monkey (D:9)
  2 orc wizards
  A gnoll (D:8)
  A dart slug (D:3)
  6 orcs
  A bat (D:1)
  3 kobolds
  A rat (D:1)
24 creatures vanquished.

Vanquished Creatures (others)
  2 wyvern zombies (D:8)
  3 water moccasin zombies (D:8)
  2 wolf zombies (D:8)
  2 black bear zombies (D:8)
  An adder zombie (D:6)
  A goblin (D:10)
  A goblin zombie (D:10)
  15 kobold zombies
  20 orc zombies
  3 fungi (D:8)
  13 plants (D:8)
  2 withered plants (D:6)
65 creatures vanquished.

Grand Total: 340 creatures vanquished

Notes
Turn   | Place    | Note
-------+----------+-------------------------------------------
     0 | D:1      | Arcadio the Human Necromancer began the quest for the Orb.
     0 | D:1      | Reached XP level 1. HP: 13/13 MP: 3/3
   137 | D:1      | Reached XP level 2. HP: 16/19 MP: 0/5
   506 | D:1      | Reached XP level 3. HP: 24/24 MP: 6/6
   514 | D:1      | Learned a level 3 spell: Vampiric Draining
  1053 | D:2      | Noticed Natasha
  1491 | D:2      | Killed Natasha
  1492 | D:2      | Reached XP level 4. HP: 13/30 MP: 0/8
  1569 | D:2      | Noticed Natasha
  1576 | D:2      | Killed Natasha
  1695 | D:2      | Noticed Natasha
  1703 | D:2      | Killed Natasha
  1704 | D:2      | Reached XP level 5. HP: 28/35 MP: 2/9
  2113 | D:3      | Found the +5 demon whip "Spellbinder" {antimagic, disrupt,
                  | Will+}
  2121 | D:3      | Found a runed translucent door.
  2122 | D:3      | Noticed Crazy Yiuf
  2172 | D:3      | Noticed Grinder
  2173 | D:3      | Paralysed by Grinder for 4 turns
  2203 | D:4      | Identified the +0 cloak of Sharp Wonder {Regen+ Stlth+}
  2250 | D:4      | Reached skill level 5 in Necromancy
  2328 | D:3      | Reached XP level 6. HP: 33/41 MP: 4/11
  2669 | D:4      | Found a glowing drain.
  2678 | Sewer    | Entered a sewer
  2769 | Sewer    | Noticed Pargi
  2811 | Sewer    | Killed Pargi
  3252 | D:4      | Found an ornate altar of the Wu Jian Council.
  3261 | D:4      | Found a glowing silver altar of Zin.
  3524 | D:4      | Reached XP level 7. HP: 25/46 MP: 11/13
  3769 | D:3      | Learned a level 4 spell: Animate Dead
  3775 | D:3      | Learned a level 5 spell: Agony
  3786 | D:3      | Paralysed by Grinder for 5 turns
  3917 | D:3      | Killed Crazy Yiuf
  3919 | D:3      | Identified the +11 hammer of the Boiling Point {pain,
                  | Int+5}
  4079 | D:3      | Killed Grinder
  4190 | D:5      | Entered Level 5 of the Dungeon
  4194 | D:5      | Found a white marble altar of Elyvilon.
  4254 | D:5      | Reached skill level 6 in Necromancy
  4269 | D:5      | Found a shimmering blue altar of Sif Muna.
  4368 | D:5      | Noticed Ijyb
  4381 | D:5      | Killed Ijyb
  4382 | D:5      | Reached skill level 5 in Dodging
  4387 | D:5      | Reached XP level 8. HP: 19/52 MP: 11/15
  4531 | D:5      | Noticed Prince Ribbit
  4589 | D:5      | Found a staircase to the Ecumenical Temple.
  4599 | Temple   | Entered the Ecumenical Temple
  4726 | Temple   | Became a worshipper of Kikubaaqudgha
  4776 | D:5      | Killed Prince Ribbit
  4777 | D:5      | Reached skill level 5 in Spellcasting
  5071 | D:6      | Reached skill level 7 in Necromancy
  5093 | D:6      | Reached XP level 9. HP: 41/57 MP: 17/17
  5152 | D:6      | Found a glowing golden altar of the Shining One.
  5254 | D:6      | Found a runed translucent door.
  5254 | D:6      | Noticed Sermion's ghost (novice HOBe)
  5319 | D:6      | Found Uteg's Assorted Antiques.
  5477 | D:6      | Reached * piety under Kikubaaqudgha
  5477 | D:6      | Received a gift from Kikubaaqudgha
  5705 | D:6      | Learned a level 1 spell: Kiss of Death
  5708 | D:6      | Learned a level 2 spell: Sublimation of Blood
  5751 | D:7      | Reached skill level 5 in Fighting
  5751 | D:7      | Reached skill level 9 in Necromancy
  5751 | D:7      | Reached XP level 10. HP: 76/76 MP: 18/22
  5752 | D:7      | Reached skill level 10 in Dodging
  5752 | D:7      | Reached skill level 10 in Necromancy
  5752 | D:7      | Reached XP level 11. HP: 84/84 MP: 18/24
  5944 | D:7      | Got Xamaluec's Grimoire of Spellbinding and Phantasms
  6060 | D:7      | Noticed Menkaure
  6071 | D:7      | Killed Menkaure
  6875 | D:8      | Reached ** piety under Kikubaaqudgha
  7074 | D:8      | Reached skill level 11 in Necromancy
  7129 | D:8      | Found a staircase to the Lair.
  7583 | D:8      | Learned a level 2 spell: Cigotuvi's Dreadful Rot
  7751 | D:9      | You fall into a shaft and drop 3 floors!
  7762 | D:12     | Identified the +0 leather armour of the Wild Haggis {Str-2
                  | Int+3}
  7772 | D:12     | Noticed a boulder beetle
  7772 | D:12     | Noticed a cyclops
  7781 | D:12     | Killed a boulder beetle
  7782 | D:12     | Reached skill level 10 in Spellcasting
  7785 | D:12     | Killed a cyclops
  7786 | D:12     | Reached XP level 12. HP: 51/91 MP: 14/26
  7907 | D:10     | Entered Level 10 of the Dungeon
  7926 | D:10     | Found a snail-covered altar of Cheibriados.
  8097 | D:9      | Reached *** piety under Kikubaaqudgha
  8097 | D:9      | Received a gift from Kikubaaqudgha
  8149 | D:10     | Learned a level 4 spell: Dispel Undead
  8156 | D:10     | Learned a level 6 spell: Death Channel
  8224 | D:9      | Got Jecwun's Everyday Gnosis
  8436 | D:9      | Found a hazy altar of Hepliaklqana.
  8481 | D:9      | Found Pitrits's Firing Range.
  8598 | D:9      | Found a burning altar of Makhleb.
  8873 | D:10     | Noticed Psyche
  8915 | D:10     | Killed Psyche
  8956 | D:10     | Found a staircase to the Orcish Mines.
  9108 | D:10     | Noticed a boulder beetle
  9121 | D:10     | Killed a boulder beetle
  9360 | D:10     | Reached skill level 12 in Necromancy
  9644 | Orc:1    | Entered Level 1 of the Orcish Mines
  9644 | Orc:1    | Noticed Harold
  9671 | Orc:1    | Killed Harold
  9757 | Orc:1    | Found Tokkonoo's Distillery.
  9766 | Orc:1    | Bought a potion of haste for 120 gold pieces
  9766 | Orc:1    | Bought a potion of magic for 96 gold pieces
  9766 | Orc:1    | Bought a potion of curing for 36 gold pieces
  9766 | Orc:1    | Bought a potion of might for 48 gold pieces
  9766 | Orc:1    | Bought a potion of might for 48 gold pieces
  9766 | Orc:1    | Bought a potion of degeneration for 12 gold pieces
  9881 | Orc:1    | Reached **** piety under Kikubaaqudgha
  9914 | Orc:1    | Killed from afar by a deep elf zephyrmancer

Illustrated notes

Levels and vault maps discovered:
D:1:      dpeg_arrival_rooms_b, layout_basic, chequers_avenue,
          minmay_misc_feat_iff
D:2:      layout_rooms, uniq_natasha
D:3:      layout_rooms, uniq_crazy_yiuf_cottage, uniq_grinder
D:4:      nicolae_BIG_FREAKIN_CUBE, layout_cave_pods,
          grunt_temple_overflow_open, cheibrodos_sewer_entry_drain,
          chequers_decorated_corner
D:5:      layout_cave_pools, mainiacjoe_overflow_surrounded_room,
          nicolae_sif_muna_little_library, temple_green,
          kennysheep_decorative_pillar, uniq_prince_ribbit1, uniq_ijyb
D:6:      layout_basic, tso_metal_star, gammafunk_ghost_grave, serial_shops,
          nicolae_shop_statue_plus, hex_intersection, st_stairs_1
D:7:      layout_basic, serial_corexii_hall, corexii_hall_statues_t,
          corexii_hall_statues_x, chequers_hall_statues_y,
          corexii_hall_statues_i, minmay_misc_feat_plants, uniq_menkaure
D:8:      layout_gridville, minmay_lair_entry_grove, hex_large
D:9:      layout_long_grid, worldfamousw_hep_ancestral_shrine,
          lightli_temple_of_fire, grunt_decor_fettered,
          nicolae_shop_firing_range
D:10:     layout_roguey, cheibriados_altar_1, erik_orc_3, grunt_decor_arrowhead,
          uniq_psyche
D:11:     layout_loops_ring, minmay_puff, uniq_nergalle
D:12:     layout_gridville, serial_shops, shop
Temple:   compressed_dpeg_circular_temple
Orc:1:    layout_caves, serial_shops, nicolae_shop_stone,
          hellmonk_bongcloud_opening, elves_outpost_lemuel, uniq_harold

Skill      XL: |  1  2  3  4  5  6  7  8  9 10 11 12 |
---------------+-------------------------------------+-----
Dodging        | 3 4 5 6 9 10 11 | 11.9
Spellcasting   | 3 4 5 8 9 10 11 | 11.0
Necromancy     | 5 6 7 9 10 11 12 | 12.4
Fighting       | 5 7 |  7.3
Stealth        | |  2.0

Action                     |  1- 3 |  4- 6 |  7- 9 | 10-12 || total
---------------------------+-------+-------+-------+-------++-------
  Melee: Unarmed           |    23 |       |       |     1 ||    24
         Dagger            |    78 |    29 |       |       ||   107
         Club              |     6 |       |       |       ||     6
         Punch             |     1 |       |     4 |     5 ||    10
         Trident           |       |   189 |    14 |       ||   203
         Mace              |       |       |    93 |   313 ||   406
         Demon whip        |       |       |     6 |       ||     6
   Cast: Necrotise         |    26 |    15 |     2 |       ||    43
         Vampiric Draining |     2 |    11 |     7 |    45 ||    65
         Animate Dead      |       |       |     1 |    12 ||    13
         Agony             |       |       |       |     8 ||     8
         Death Channel     |       |       |       |     3 ||     3
    Use: Scroll            |     3 |     5 |     1 |     3 ||    12
         Potion            |     1 |       |     2 |     2 ||     5
   Stab: Sleeping          |     2 |     5 |     7 |     4 ||    18
         Distracted        |       |       |     1 |       ||     1
 Armour: Robe              |    38 |   109 |    32 |    85 ||   264
  Dodge: Dodged            |    81 |   223 |    79 |   455 ||   838

Table legend: (Time is in decaauts)
 A = Elapsed time spent in this place.
 B = Non-inter-level travel time spent in this place.
 C = Inter-level travel time spent in this place.
 D = Time resting spent in this place.
 E = Time spent auto-exploring this place.
 F = Levels seen in this place.
 G = Mean time per level.
                   A        B        C        D        E       F      G
               +--------+--------+--------+--------+--------+-----+--------+
         Total |  10230 |   9886 |    344 |    439 |   6428 |  15 |  682.0 |
       Dungeon |   9396 |   9052 |    344 |    404 |   6046 |  12 |  783.0 |
        Temple |    137 |    137 |      0 |      0 |     56 |   1 |  137.0 |
  Orcish Mines |    270 |    270 |      0 |     10 |     88 |   1 |  270.0 |
         Sewer |    425 |    425 |      0 |     25 |    238 |   1 |  425.0 |
               +--------+--------+--------+--------+--------+-----+--------+

Top non-repeatable levels by time:
    D:10: 1211 daAuts
     D:7: 1107 daAuts
     D:2: 995 daAuts
     D:3: 989 daAuts
     D:4: 981 daAuts
     D:1: 951 daAuts
     D:8: 853 daAuts
     D:6: 794 daAuts
     D:9: 697 daAuts
     D:5: 658 daAuts
   Sewer: 425 daAuts
   Orc:1: 270 daAuts
    D:12: 154 daAuts
  Temple: 137 daAuts
    D:11: 2 daAuts
